 Dungeon Crawl Stone Soup version 0.28-a0-1087-gf3fc490d9d (webtiles) character file.

Game seed: 5998422566646208994

4060 porpoise the Thaumaturge (level 10, -7/56 HPs)
             Began as a Deep Elf Conjurer on Dec 10, 2021.
             Was a Follower of Vehumet.
             Shot with a bolt by an orc warrior (20 damage)
             ... in a bailey on Dec 11, 2021.
             The game lasted 00:39:47 (10541 turns).

porpoise the Thaumaturge (Deep Elf Conjurer)       Turns: 10541, Time: 00:39:48

Health: -7/56      AC:  7    Str:  6    XL:     10   Next: 5%
Magic:  3/25       EV: 16    Int: 29    God:    Vehumet [*.....]
Gold:   290        SH:  0    Dex: 13    Spells: 13/27 levels left

rFire   . . .      SeeInvis .   b - +7 hunting sling of Zip Cuob {venom, Will+}
rCold   . . .      Faith    .   (no shield)
rNeg    . . .      Spirit   .   B - +0 robe
rPois   .          Reflect  .   D - +2 helmet {Int+3}
rElec   .          Harm     .   (no cloak)
rCorr   .          Rampage  .   y - +1 pair of gloves
Will    +++..                   (no boots)
Stlth   ++++......              (no amulet)
HPRegen 0.18/turn               k - +4 ring of evasion
MPRegen 0.19/turn               o - ring of willpower

@: no status effects
A: no striking features
a: Renounce Religion


You were in a bailey.
You worshipped Vehumet.
Vehumet was aware of your devotion.
You visited 2 branches of the dungeon, and saw 9 of its levels.
You also visited: Bailey.

You collected 382 gold pieces.
You spent 92 gold pieces at shops.

Inventory:

Hand Weapons
 a - a +1 short sword of draining
 b - the +7 hunting sling of Zip Cuob (weapon) {venom, Will+}
   (You found it on level 4 of the Dungeon)

   Any ammunition fired from it poisons the flesh of those it strikes.
   Will:      It increases your willpower.
 h - a +3 dagger
Missiles
 d - 6 javelins
 f - 372 stones
 p - 76 poisoned darts
 x - 63 sling bullets (quivered ammo)
 z - 2 boomerangs
 C - 12 curare-tipped darts
 I - 4 atropa-tipped darts
Armour
 e - a +0 kite shield
 y - a +1 pair of gloves (worn)
 B - a +0 robe (worn)
 D - a +2 helmet of intelligence (worn)
Magical Staves
 A - a staff of cold
Jewellery
 k - a +4 ring of evasion (left hand)
 n - a ring of positive energy
 o - a ring of willpower (right hand)
 F - a ring of wizardry
Wands
 q - a wand of mindburst (19)
 t - a wand of polymorph (11)
 J - a wand of digging (5)
Scrolls
 c - a scroll of immolation
 j - 3 scrolls of magic mapping
 l - 3 scrolls of teleportation
 u - 2 scrolls of amnesia
 v - 3 scrolls of noise
 E - 4 scrolls of identify
 G - a scroll of torment {unknown}
 H - a scroll of enchant armour
Potions
 g - 2 potions of curing
 i - a potion of berserk rage
 m - a potion of might
 r - a potion of invisibility
 s - 2 potions of heal wounds
 w - 3 potions of flight


   Skills:
 * Level 4.1 Fighting
 - Level 2.4 Dodging
 - Level 9.0 Stealth
 - Level 9.0 Spellcasting
 - Level 7.0 Conjurations
 - Level 7.0 Hexes
 - Level 5.0 Translocations
 - Level 5.0 Ice Magic


You had 13 spell levels left.
You knew the following spells:

 Your Spells              Type           Power      Damage    Failure   Level
a - Magic Dart            Conj           100%       1d8       1%          1
b - Searing Ray           Conj           100%       2d8       1%          2
c - Fulminant Prism       Conj/Hex       26%        3d14      2%          4
d - Iskenderun's Mystic   Conj/Tloc      47%        2d10      3%          4
z - Ozocubu's Armour      Ice            42%        N/A       1%          3

Your spell library contained the following spells:

 Spells                   Type           Power      Damage    Failure   Level
 Shock                    Conj/Air       100%       1d9       1%          1
 Apportation              Tloc           84%        N/A       1%          1
 Dazzling Flash           Conj/Hex       100%       N/A       1%          3
 Animate Skeleton         Necr           26%        N/A       4%          1
 Summon Small Mammal      Summ           52%        N/A       4%          1
 Corpse Rot               Necr/Air       26%        N/A       6%          2
 Poisonous Vapours        Pois/Air       26%        N/A       6%          2
 Metabolic Englaciation   Hex/Ice        23%        N/A       10%         5
 Simulacrum               Ice/Necr       13%        N/A       92%         6
 Ozocubu's Refrigeration  Ice            21%        4d9       99%         7


Dungeon Overview and Level Annotations

Branches:
Dungeon (8/15)             Temple (1/1) D:5          Bailey (1/1)
   Lair: D:8-11

Altars:
Ashenzari
Cheibriados
Dithmenos
Elyvilon
Fedhas
Gozag
Hepliaklqana
Kikubaaqudgha
Makhleb
Nemelex Xobeh
Okawaru
Qazlal
Ru
Sif Muna
Trog
Uskayaw
Vehumet
Wu Jian
Xom
Yredelemnul
The Shining One

Shops:
D:3 *

Annotations:
D:4 5 runed translucent doors, good prism, jejorda2's ghost, amateur MfMo


Message History

You hear a shout!
There is a gate leading back out of this place here.
Casting: Fulminant Prism (dangerous; 2% risk of failure)
Confirm with . or Enter, or press ? or * to list all spells.
Aiming: Fulminant Prism (dangerous; 2% risk of failure)
Press: ? - help, Dir - move target You conjure a prism of explosive energy!
A fulminant prism comes into view.
An orc warrior comes into view. It is wielding a +0 halberd.
The orc warrior shoots a bolt.
The bolt hits you!
Casting: Fulminant Prism (dangerous; 2% risk of failure)
Confirm with . or Enter, or press ? or * to list all spells.
You don't have enough magic to cast this spell.
Unknown command.
Unknown command.
Aiming: Mindburst
Press: ? - help, Shift-Dir - straight line, f - orc warrior
Aim: an orc warrior, wielding a +0 halberd and wearing a +0 chain mail (chance to affect: 65%)
The orc warrior's mind is blasted!!
The orc warrior shoots a bolt.
The bolt hits you!!
* * * LOW HITPOINT WARNING * * *
Your fulminant prism crackles loudly.
Aiming: Mindburst
Press: ? - help, Shift-Dir - straight line, f/p - orc warrior
Aim: an orc warrior, wielding a +0 halberd and wearing a +0 chain mail (severely wounded, chance to affect: 65%)
The orc warrior struggles to resist.
You hear a shout!
The orc warrior shoots a bolt.
The bolt misses you. The orc warrior completely misses you.
Your fulminant prism explodes!
You hear a shout! x2
Unknown command.
Aiming: Mindburst
Press: ? - help, Shift-Dir - straight line, f/p - orc warrior
Aim: an orc warrior, wielding a +0 halberd and wearing a +0 chain mail (severely wounded, chance to affect: 65%)
The orc warrior struggles to resist.
The orc warrior shoots a bolt.
The bolt barely misses you. The orc warrior misses you.
Unknown command.
The orc warrior shoots a bolt.
The bolt hits you!!
You die...

#### ##∩## ####
..o.##...##....
≈≈≈..#...#..≈≈≈
≈o≈≈.......≈≈o≈
o≈.......≈o
....... #..o#
#.∩.# ##@## ###


You could see 2 orc warriors.

Vanquished Creatures
  A two-headed ogre (D:8)
  Eustachio (D:5)
  2 wraiths
  2 wyverns
  Menkaure (D:5)
  2 orc warriors
  A water moccasin (D:5)
  A black bear (D:4)
  2 sky beasts
  2 ice beasts (D:5)
  A hornet zombie (D:7)
  2 necrophages
  2 ogres
  A centaur (D:8)
  A phantom (D:6)
  A kobold brigand (D:6)
  A bullfrog (D:8)
  2 scorpions
  A water moccasin skeleton (D:4)
  A killer bee (D:7)
  A wight (D:5)
  3 howler monkeys (D:8)
  3 centaur zombies
  3 jellies
  4 hounds
  Ijyb (D:5)
  3 iguanas
  4 orc wizards
  A killer bee zombie (D:7)
  A hound zombie (D:4)
  A hound skeleton (D:4)
  4 gnolls
  9 adders
  A howler monkey skeleton (D:4)
  2 shadow imps
  2 white imps (D:6)
  2 ufetubi (D:5)
  3 adder skeletons (D:4)
  5 dart slugs
  7 orcs
  5 ball pythons
  6 endoplasms
  2 giant cockroaches
  9 goblins
  6 hobgoblins
  4 jackals (D:5)
  9 kobolds
  6 quokkas
  2 bats
  3 frilled lizards
  7 rats
147 creatures vanquished.

Vanquished Creatures (others)
  32 fulminant prisms
  A fungus (D:1)
  6 plants
39 creatures vanquished.

Grand Total: 186 creatures vanquished

Notes
Turn   | Place    | Note
-------+----------+-------------------------------------------
     0 | D:1      | porpoise the Deep Elf Conjurer began the quest for the Orb.
     0 | D:1      | Reached XP level 1. HP: 10/10 MP: 6/6
   251 | D:1      | Reached XP level 2. HP: 14/15 MP: 3/8
   297 | D:1      | Learned a level 2 spell: Searing Ray
   420 | D:1      | Found a faded altar of an unknown god.
  1661 | D:2      | Reached skill level 5 in Conjurations
  1661 | D:2      | Reached XP level 3. HP: 19/19 MP: 6/10
  1884 | D:2      | Reached XP level 4. HP: 24/24 MP: 6/12
  1938 | D:2      | Learned a level 4 spell: Fulminant Prism
  1943 | D:2      | Learned a level 4 spell: Iskenderun's Mystic Blast
  2035 | D:2      | Reached skill level 1 in Hexes
  2238 | D:2      | Reached skill level 5 in Spellcasting
  2590 | D:3      | Noticed a necrophage
  2601 | D:3      | Killed a necrophage
  2602 | D:3      | Reached XP level 5. HP: 28/28 MP: 5/15
  3213 | D:3      | Found Suheehel's Assorted Antiques.
  3263 | D:3      | Bought a scroll labelled BETHRI RUKUSE for 23 gold pieces
  3263 | D:3      | Bought a scroll labelled EHYCET URERPHA for 23 gold pieces
  3263 | D:3      | Bought a scroll labelled EHYCET URERPHA for 23 gold pieces
  3263 | D:3      | Bought a scroll labelled BUMMOALONG for 23 gold pieces
  3557 | D:4      | Found a large runed translucent door.
  3557 | D:4      | Found a large runed translucent door.
  3585 | D:4      | Identified the +2 robe of Tender Moments {rElec Will- Str+9
                  | Slay-6}
  3587 | D:4      | Noticed a sky beast
  3710 | D:4      | Found a large runed translucent door.
  3710 | D:4      | Found a large runed translucent door.
  4164 | D:4      | Found a runed translucent door.
  4164 | D:4      | Noticed jejorda2's ghost (amateur MfMo)
  4472 | D:3      | Upgraded the game from 0.28-a0-1080-g05a166d0ed to
                  | 0.28-a0-1087-gf3fc490d9d
  4514 | D:4      | Reached XP level 6. HP: 32/32 MP: 12/17
  4701 | D:4      | Identified the +7 hunting sling of Zip Cuob {venom, Will+}
  5034 | D:4      | Noticed a sky beast
  5038 | D:4      | Killed a sky beast
  5411 | D:4      | Reached skill level 5 in Hexes
  5411 | D:4      | Reached XP level 7. HP: 31/36 MP: 12/19
  5563 | D:5      | Entered Level 5 of the Dungeon
  5567 | D:5      | Noticed Ijyb
  5571 | D:5      | Killed Ijyb
  5596 | D:5      | Noticed Eustachio
  5873 | D:5      | Reached skill level 1 in Translocations
  5895 | D:5      | Noticed a wraith
  5896 | D:5      | Reached skill level 5 in Stealth
  5900 | D:5      | Noticed Menkaure
  5908 | D:5      | Killed a wraith
  5909 | D:5      | Reached XP level 8. HP: 15/41 MP: 1/20
  5912 | D:5      | Killed Menkaure
  6363 | D:5      | Reached skill level 5 in Translocations
  6368 | D:5      | Killed Eustachio
  6644 | D:5      | Learned a level 3 spell: Ozocubu's Armour
  6654 | D:5      | Found a staircase to the Ecumenical Temple.
  6669 | Temple   | Entered the Ecumenical Temple
  6753 | Temple   | Became a worshipper of Vehumet
  7727 | D:6      | Reached XP level 9. HP: 29/45 MP: 15/23
  8494 | D:7      | Reached skill level 1 in Ice Magic
  8643 | D:7      | Reached skill level 1 in Fighting
  9823 | D:8      | Reached * piety under Vehumet
  9823 | D:8      | Offered knowledge of Shock by Vehumet.
 10353 | D:8      | Noticed a two-headed ogre
 10361 | D:8      | Killed a two-headed ogre
 10362 | D:8      | Reached skill level 5 in Ice Magic
 10362 | D:8      | Reached XP level 10. HP: 56/56 MP: 13/25
 10515 | D:8      | Found a flagged portal.
 10530 | Bailey   | Entered a bailey
 10541 | Bailey   | Shot with a bolt by an orc warrior

Illustrated notes

Levels and vault maps discovered:
D:1:      beargit_arrival_diablo_church, layout_loops_corners,
          shapermc_ecumenical_altar_petra, minmay_misc_feat_cross,
          minmay_tiny_reverse_x
D:2:      layout_loops_ring, minmay_tall_x
D:3:      layout_basic, serial_shops, shop
D:4:      layout_cave_pools, gammafunk_ghost_grave, grunt_decor_arrowhead,
          chequers_serial_rivers_room_a, minivault_27,
          minmay_hollow_rounded_squares
D:5:      cheibrodos_fzero, layout_loops_cross, minmay_temple_entry_offerings,
          uniq_eustachio, uniq_ijyb, uniq_menkaure
D:6:      layout_cave_pools, grunt_ministairs_14,
          minmay_a_box_with_orc_wizards_in_it
D:7:      layout_basic, minmay_diced_spiral
D:8:      cheibrodos_two_vegetables, layout_rooms, enter_bailey_4, uniq_grum
Temple:   compressed_dpeg_triangle_lava_temple
Bailey:   bailey_polearm_4, bailey

Skill      XL: |  1  2  3  4  5  6  7  8  9 |
---------------+----------------------------+-----
Spellcasting   | 4 5 6 7 8 9 |  9.0
Conjurations   | 5 6 7 |  7.0
Hexes          | 2 3 5 6 7 |  7.0
Stealth        | 3 4 5 7 9 |  9.0
Translocations | 3 5 |  5.0
Ice Magic      | 5 |  5.0
Fighting       | 4 |  4.1
Dodging        | |  2.4

Action                   |  1- 3 |  4- 6 |  7- 9 | 10-12 || total
-------------------------+-------+-------+-------+-------++-------
Melee: Dagger            |    10 |       |       |       ||    10
       Short sword       |       |     2 |     7 |       ||     9
 Fire: Hunting sling     |       |     5 |    77 |       ||    82
 Cast: Magic Dart        |    37 |    38 |       |       ||    75
       Searing Ray       |     4 |    27 |    39 |     1 ||    71
       Iskenderun's Myst |       |     1 |    10 |       ||    11
       Fulminant Prism   |       |       |    26 |     6 ||    32
       Ozocubu's Armour  |       |       |     1 |       ||     1
Evoke: Wand              |       |       |    11 |     3 ||    14
  Use: Scroll            |       |    10 |     9 |       ||    19
       Potion            |       |       |     1 |       ||     1
Armor: Robe              |       |     4 |     7 |       ||    11
Dodge: Dodged            |     2 |    15 |    26 |     5 ||    48

Table legend: (Time is in decaauts)
 A = Elapsed time spent in this place.
 B = Non-inter-level travel time spent in this place.
 C = Inter-level travel time spent in this place.
 D = Time resting spent in this place.
 E = Time spent auto-exploring this place.
 F = Levels seen in this place.
 G = Mean time per level.
                   A        B        C        D        E       F      G
               +--------+--------+--------+--------+--------+-----+--------+
         Total |  10574 |  10352 |    222 |   4505 |   4619 |  10 | 1057.4 |
       Dungeon |  10465 |  10257 |    208 |   4505 |   4558 |   8 | 1308.1 |
        Temple |     98 |     84 |     14 |      0 |     61 |   1 |   98.0 |
        Bailey |     10 |     10 |      0 |      0 |      0 |   1 |   10.0 |
               +--------+--------+--------+--------+--------+-----+--------+

Top non-repeatable levels by time:
     D:4: 1867 daAuts
     D:5: 1857 daAuts
     D:1: 1420 daAuts
     D:7: 1414 daAuts
     D:2: 1156 daAuts
     D:3: 1118 daAuts
     D:6: 899 daAuts
     D:8: 730 daAuts
  Temple: 98 daAuts
  Bailey: 10 daAuts
